Cogmind - Beta 17 @@@ ROGUE MODE // 2026.08.04 @ 17:33:09 Player: Afro Result: Destroyed by G-67 Veteran with Field Laser Performance ------------- Evolutions (6) 3000 Regions Visited (6) 1200 Robots Destroyed (68) 340 Value Destroyed (2250) 2250 Prototype IDs (7) 140 Alien Tech Used (0) 0 Bonus (1789) 1789 TOTAL SCORE: 8719 Bonus ------- High Alert Combat Kills 186 Follower Combat Kills 1645 Registered with UFD 300 Met Optimus in HQ 500 Friendly Fire -842 Cogmind --------- Core Integrity 0/1150 Matter 300/300 Energy 99/100 System Corruption 14% Temperature Cool (9) Movement Core (50) Location -4/Extension Parts ------- > --- POWER (2) -------- (None) > --- PROPULSION (4) --- (None) > --- UTILITY (11) ----- Experimental Signal Interpreter > --- WEAPON (2) ------- (None) > --- INVENTORY (5) ---- Fission Core Neutrino Core Plasma Rifle Wave Gun Bore Cannon Peak State ------------ > --- POWER ------------ Light Antimatter Reactor Light Antimatter Reactor > --- PROPULSION ------- Heavy Treads Myomer Leg Myomer Leg > --- UTILITY ---------- Advanced Heat Sink Advanced Heat Sink Advanced Heat Sink Advanced Heat Sink Experimental Signal Interpreter Targeting Computer Targeting Computer Improved Targeting Computer Advanced Melee Analysis Suite > --- WEAPON ----------- Railgun Bore Cannon > --- INVENTORY -------- Fission Core Neutrino Core Flexi-carbon Leg Wave Gun Wave Gun [Rating: 91] Favorites ----------- Power Fission Core Engine Ion Engine Power Core Fission Core Reactor Light Antimatter Reactor Propulsion Carbon-fiber Leg Treads Armored Treads Leg Carbon-fiber Leg Wheel Armored Huge Wheel Flight Unit Field Propulsion Drive Utility Light Armor Plating Device Advanced Heat Sink Storage High-capacity Storage Unit Processor Experimental Signal Interpreter Hackware Makeshift System Shield Protection Light Armor Plating Weapon Gauss Cannon Energy Gun EM Pulse Gun Energy Cannon Heavy Particle Cannon Ballistic Gun KE Penetrator Ballistic Cannon Gauss Cannon Launcher Grenade Launcher Special Weapon Mining Laser Slashing Weapon Makeshift Axe Build | -11 -10 -10 -7 -5 -4 -4 ------- Run | Yrd Mat Sub Scr Fac Fac Ext Slots Evolved 12 | . . . . 10 2 . Power 1 | . . . . 1 . . Propulsion 2 | . . . . 2 . . Utility 9 | . . . . 7 2 . Weapon . | . . . . . . . Parts Attached 132 | 7 13 . 15 58 3 36 Power 22 | 1 2 . 2 12 . 5 Engine 9 | 1 2 . 1 5 . . Core 10 | . . . 1 7 . 2 Reactor 3 | . . . . . . 3 Propulsion 42 | 2 3 . 4 18 1 14 Treads 7 | 2 . . 2 1 . 2 Leg 24 | . 3 . 1 9 . 11 Wheel 1 | . . . 1 . . . Hover . | . . . . . . . Flight 10 | . . . . 8 1 1 Utility 36 | 2 2 . 1 19 2 10 Device 22 | 1 . . . 12 2 7 Storage 3 | 1 1 . 1 . . . Processor 5 | . . . . 2 . 3 Hackware 2 | . . . . 2 . . Protection 4 | . 1 . . 3 . . Artifact . | . . . . . . . Weapon 32 | 2 6 . 8 9 . 7 Energy Gun 11 | 2 1 . 1 4 . 3 Energy Cannon 4 | . 1 . 2 1 . . Ballistic Gun 5 | . . . 1 2 . 2 Ballistic Cannon 6 | . 2 . 2 1 . 1 Launcher 2 | . 1 . . 1 . . Special Weapon 1 | . 1 . . . . . Impact Weapon . | . . . . . . . Slashing Weapon 3 | . . . 2 . . 1 Piercing Weapon . | . . . . . . . Special Melee Weapon . | . . . . . . . Unidentified Prototypes 1 | . . . . 1 . . Corrupted Parts 1 | . . . . 1 . . System Corruption 1 | . . . . 1 . . Parts Lost 63 | . 4 . . 25 2 32 Power 10 | . . . . 6 . 4 Propulsion 20 | . . . . 5 2 13 Utility 20 | . 1 . . 8 . 11 Weapon 13 | . 3 . . 6 . 4 Highest Loss Streak 12 | . 2 . . 10 2 12 To Critical Strikes 1 | . . . . . . 1 Average Backups 10 | 2 7 10 17 5 4 3 Power 1 | . 1 2 2 . . 1 Propulsion 2 | 1 2 3 2 1 2 1 Utility 3 | . 1 3 5 1 . . Weapon 3 | . 1 2 5 1 1 1 Tool/Special . | . . . . . . . Unused Backups 35 | . 2 . 22 3 . 8 Power 6 | . . . 4 . . 2 Propulsion 13 | . 1 . 7 2 . 3 Utility 8 | . . . 8 . . . Weapon 6 | . 1 . 2 . . 3 Tool/Special 2 | . . . 1 1 . . Average Slot Usage (%) 77 | . 99 100 70 79 55 66 Engine 4 | . 14 14 4 3 . . Core 6 | . . . 9 6 10 3 Treads 5 | . 15 . 6 2 . 1 Leg 11 | . 13 28 8 13 . 14 Wheel 2 | . . . 6 . . . Flight 1 | . . . . 2 21 1 Device 8 | . 9 . . 17 5 14 Storage 8 | . 14 14 14 1 . . Processor 4 | . . . . 9 10 13 Hackware 1 | . . . . 4 5 3 Protection 7 | . 4 14 14 3 . . Energy Gun 3 | . 15 . . 2 2 3 Energy Cannon 1 | . 3 . 2 . . . Ballistic Gun 1 | . . . . 2 . 2 Ballistic Cannon 4 | . 8 28 3 2 . 1 Peak Build Rating 91 | 7 8 8 29 86 62 91 Average Rating 37 | 5 7 8 18 65 53 73 On Entrance 20 | . 7 8 8 21 56 41 Avg Prop Armor Cover (%) 10 | . . . . 5 . 13 Naked Turns . | . . . . . . . Heaviest Build 91 | 15 24 24 61 91 27 44 Greatest Support 85 | 40 40 20 40 65 22 85 Greatest Overweight (x) 7 | . 1 1 5 7 1 4 Average Overweight (x) . | . . 1 1 . . . Largest Inventory Capacity 20 | 8 10 10 20 20 5 5 Average Capacity 12 | 7 8 10 19 8 5 5 Most Carried 20 | 5 10 10 20 19 5 5 Average Carried 10 | 2 7 10 18 5 4 3 Final Capacity 20 | 8 10 10 20 5 5 5 Final Carried 20 | 4 10 10 20 5 1 5 Scrap Suit Usage (%) 16 | . . . . 61 . . Parts Cannibalized 5 | . . . . 5 . . Class Distribution -------------------- 54% | Mutant 33% | Scavenger-Mutant 6% | Scavenger-Skirmisher Dominant Class ---------------- Mutant | -10/Materials Scavenger-Mutant | -10/Subcaves Mutant | -7/Scraptown Scavenger-Mutant | -5/Factory Scavenger-Mutant | -4/Factory Scavenger-Mutant | -4/Extension Resources | -11 -10 -10 -7 -5 -4 -4 ----------- Run | Yrd Mat Sub Scr Fac Fac Ext Matter Collected 3417 | 144 417 . 267 1685 . 904 Remotely 297 | . . . . . . 297 Salvage Created 3005 | 104 493 . . 1735 . 673 Parts 159 | 3 42 . . 87 . 27 Haulers Intercepted 1 | . 1 . . . . . Recyclers Shooed 4 | . . . . 4 . . Parts Field Recycled . | . . . . . . . Retrieved Matter . | . . . . . . . Parts Self-Destructed . | . . . . . . . Prevented . | . . . . . . . Parts Restored 1 | . . . . . 1 . Broken 1 | . . . . . 1 . Kills | -11 -10 -10 -7 -5 -4 -4 ------- Run | Yrd Mat Sub Scr Fac Fac Ext Combat Hostiles Destroyed 45 | . 16 . . 23 . 6 Melee 8 | . . . . 6 . 2 Guns 18 | . 3 . . 12 . 3 Cannons 10 | . 5 . . 4 . 1 AOE 9 | . 8 . . 1 . . Classes Destroyed 12 | 2 4 . . 5 . 1 Worker 3 | . . . . 2 . 1 Builder 5 | . . . . 3 . 2 Tunneler 2 | 1 1 . . . . . Hauler 1 | . 1 . . . . . Recycler 5 | 1 . . . 2 . 2 Operator 1 | . . . . . . 1 Watcher 3 | . 3 . . . . . Swarmer 14 | . 9 . . 5 . . Grunt 18 | . 7 . . 10 . 1 Hunter 5 | . . . . 2 . 3 Programmer 8 | . . . . 6 . 2 Scrapoid 3 | . . . . 3 . . Best Kill Streak 7 | 1 7 . . 6 . 4 Combat Bots Only 6 | . 6 . . 5 . 2 Max Kills in Single Turn 4 | 1 3 . . 4 . 1 Gunslinging . | . . . . . . . Exploded 2 | . 2 . . 1 . . Melee 1 | . . . . 1 . 1 Uniques/NPCs Destroyed . | . . . . . . . Combat | -11 -10 -10 -7 -5 -4 -4 -------- Run | Yrd Mat Sub Scr Fac Fac Ext Hostile Shots Fired 625 | . 74 . . 282 10 259 Missed 189 | . 24 . . 68 4 93 Hits 436 | . 50 . . 214 6 166 Melee 1 | . . . . . . 1 Projectile 435 | . 50 . . 214 6 165 Critical Strikes 19 | . . . . 10 1 8 Part Disruptions 2 | . . . . 2 . . Damage Taken 9112 | . 525 . . 4569 120 3898 Core 2002 | . 42 . . 796 . 1164 Absorbed by Shields . | . . . . . . . Regen/Repaired (Parts) 21 | . . . . 21 . . Core Remaining (%) 67 | 100 . . 83 20 . . Volleys Fired 176 | 5 43 . . 94 3 31 Largest 2 | 2 2 . . 2 1 2 Hottest 165 | 80 100 . . 165 100 156 Shots Fired 302 | 10 76 . . 153 2 61 Gun 225 | 10 48 . . 125 2 40 Cannon 69 | . 23 . . 25 . 21 Launcher 7 | . 4 . . 3 . . Special 1 | . 1 . . . . . Kinetic 151 | . . . . 102 . 49 Thermal 71 | . 24 . . 33 2 12 Explosive 4 | . 4 . . . . . Electromagnetic 76 | 10 48 . . 18 . . Robot Hit Streak 9 | 3 9 . . 8 2 8 Robot Miss Streak 9 | 3 9 . . 4 . 3 Penetration Max 1 | . . . . 1 . 1 Secondary Targets 2 | . . . . 1 . 1 Max Gunslinging Chain 1 | . . . . 1 . 1 Shots Hit Robots 220 | 5 43 . . 111 2 59 Core Hits 101 | 3 24 . . 55 . 19 Critical Kills 4 | . . . . 1 . 3 Critical Parts Destroyed 12 | . . . . 1 . 11 Critical Strikes 26 | . 1 . . 10 . 15 Destroy 16 | . . . . 2 . 14 Blast 5 | . . . . 5 . . Corrupt 1 | . 1 . . . . . Sever 4 | . . . . 3 . 1 Melee Attacks 49 | . . . . 33 . 16 Impact . | . . . . . . . Slashing 49 | . . . . 33 . 16 Piercing . | . . . . . . . Sneak Attacks 8 | . . . . 4 . 4 Combat Hostiles . | . . . . . . . Follow-up Attacks 2 | . . . . 2 . . Damage Inflicted 7897 | 93 1053 . . 4708 61 1982 Guns 3348 | 66 405 . . 1864 61 952 Cannons 1316 | . 256 . . 755 . 305 Explosions 1327 | 27 385 . . 915 . . Melee 1840 | . . . . 1134 . 706 Ramming 66 | . 7 . . 40 . 19 Kinetic 2913 | . . . . 1889 . 1024 Thermal 1688 | 27 318 . . 1049 61 233 Explosive 323 | . 323 . . . . . Electromagnetic 1067 | 66 405 . . 596 . . Impact . | . . . . . . . Slashing 1840 | . . . . 1134 . 706 Piercing . | . . . . . . . Highest Corruption 14 | . 3 3 3 12 1 14 Average Corruption 2 | . 2 3 3 4 1 1 Corruption Purged . | . . . . . . . Corruption Blocked . | . . . . . . . Effects 113 | . 12 4 52 36 . 9 Message Errors 28 | . 5 1 13 8 . 1 Matter Fused 28 | . 3 . 16 6 . 3 Heat Flow Errors 12 | . . . 6 5 . 1 Energy Discharges 16 | . 3 2 4 6 . 1 Parts Rejected 2 | . . . . 1 . 1 Data Loss (minor) 10 | . . 1 8 1 . . Data Loss (major) 7 | . 1 . 4 2 . . Misfires 2 | . . . . 1 . 1 Alerts 4 | . . . 1 2 . 1 Weapon Failures 4 | . . . . 4 . . Overload Shots . | . . . . . . . Overflow Damage 475 | . . . . 262 . 213 Projectiles . | . . . . . . . Explosions . | . . . . . . . Melee 475 | . . . . 262 . 213 Knockbacks 13 | . . . . 11 . 2 Impact 1 | . . . . 1 . . Kinetic 10 | . . . . 8 . 2 Secondary 2 | . . . . 2 . . Self-Inflicted Damage 144 | . 32 . . 112 . . Shots 2 | . 1 . . 1 . . Rammed 4 | . 1 . . 1 . 2 Targets Rammed 10 | . 2 . . 4 . 4 Kicked 6 | . 1 . . 3 . 2 Crushed . | . . . . . . . Highest Temperature 382 | 36 382 . 234 294 56 268 Average Temperature 91 | 15 108 . 89 87 26 58 Received Heat Transfer 2398 | . 156 . . 1344 21 877 Effects 3 | . 3 . . . . . Shutdowns 1 | . 1 . . . . . Matter Decay 2 | . 2 . . . . . Siege Activations . | . . . . . . . Martial Activations . | . . . . . . . Shielding Activations . | . . . . . . . Robots Disrupted . | . . . . . . . Combat Hostiles . | . . . . . . . Robots Corrupted . | . . . . . . . Combat Hostiles . | . . . . . . . Parts Fried 2 | . 1 . . 1 . . Impact Corruptions 1 | . . . . 1 . . Robots Melted . | . . . . . . . Combat Hostiles . | . . . . . . . Parts Melted 7 | . 3 . . 4 . . Heat Transferred 2062 | 50 618 . . 922 100 372 Parts Sabotaged . | . . . . . . . Parts Stolen . | . . . . . . . Parts Stripped . | . . . . . . . Power Chain Reactions 2 | 1 1 . . . . . Alert | -11 -10 -10 -7 -5 -4 -4 ------- Run | Yrd Mat Sub Scr Fac Fac Ext Maximum Alert Level 2 | . 1 . . 2 1 2 Low Security (%) 60 | 100 98 . . 47 . 53 Level 1 18 | . 1 . . 19 100 20 Level 2 21 | . . . . 32 . 25 Level 3 . | . . . . . . . Level 4 . | . . . . . . . Level 5 . | . . . . . . . High Security . | . . . . . . . Max Security . | . . . . . . . Peak Influence 625 | 5 206 . . 625 291 579 Initial 291 | . . . . . 291 109 Average 222 | 1 117 . . 264 258 261 Influence Increases 3164 | 10 513 . . 1418 34 1189 Destroy 0b10 Robot/C 1660 | . 320 . . 760 . 580 Destroy 0b10 Robot/NC 130 | 10 25 . . 50 . 45 Destroy Leader 284 | . 58 . . 154 . 72 Allied During Kill 461 | . . . . 94 . 367 Successful Hack 75 | . 24 . . 14 4 33 Disable Machine 195 | . 60 . . 135 . . Destroy Structure 284 | . 26 . . 196 . 62 Lose Combat Pursuer 75 | . . . . 15 30 30 Influence Decreases 2766 | 10 413 100 . 821 406 1016 Entered New Map 470 | . . 48 . . 306 116 Time Decay 1474 | 10 373 52 . 519 80 440 Lost Part 622 | . 40 . . 242 20 320 Lost Ally 200 | . . . . 60 . 140 Squads Dispatched 19 | . 1 . . 12 . 6 Investigation 9 | . 1 . . 5 . 3 Extermination 4 | . . . . 4 . . Reinforcement 6 | . . . . 3 . 3 Assault . | . . . . . . . Garrison . | . . . . . . . Intercept . | . . . . . . . Searches Triggered . | . . . . . . . Construction Impeded 3 | . . . . 1 . 2 Haulers Reinforced 2 | . . . . 2 . . Active Scanning Responses . | . . . . . . . Cargo Convoy Interrupts . | . . . . . . . Stealth | -11 -10 -10 -7 -5 -4 -4 --------- Run | Yrd Mat Sub Scr Fac Fac Ext Distress Signals 3 | . . . . 1 . 2 Communications Jammed . | . . . . . . . Distress Signals . | . . . . . . . Times Spotted 117 | . 22 . . 48 5 42 Peak Tracking Total 10 | . 6 . . 7 4 10 Tactical Retreats 4 | . . . . 1 1 2 Traps | -11 -10 -10 -7 -5 -4 -4 ------- Run | Yrd Mat Sub Scr Fac Fac Ext Traps Triggered 7 | . 3 . . 1 . 3 Indirectly . | . . . . . . . Trap Hack Attempts . | . . . . . . . Triggered . | . . . . . . . Disarmed . | . . . . . . . Reprogrammed . | . . . . . . . Reused . | . . . . . . . Traps Extracted . | . . . . . . . Installed . | . . . . . . . Triggered . | . . . . . . . Machines | -11 -10 -10 -7 -5 -4 -4 ---------- Run | Yrd Mat Sub Scr Fac Fac Ext Machines Disabled 14 | . 4 . . 9 . 1 Max in Single Turn 1 | . 1 . . 1 . . Machines Repaired . | . . . . . . . Machines Dismantled . | . . . . . . . Machines Sabotaged . | . . . . . . . Overloaded Fab Kills . | . . . . . . . Hacking | -11 -10 -10 -7 -5 -4 -4 --------- Run | Yrd Mat Sub Scr Fac Fac Ext Machines Accessed 24 | . 3 . 4 8 1 8 Terminals 16 | . 3 . . 4 1 8 Fabricators . | . . . . . . . Repair Stations . | . . . . . . . Recycling Units 4 | . . . . 4 . . Scanalyzers . | . . . . . . . Garrison Access . | . . . . . . . Total Hacks 76 | . 11 . 29 17 1 18 Successful 47 | . 5 . 29 6 1 6 Failed 29 | . 6 . . 11 . 12 Catastrophic 6 | . 1 . . 2 . 3 Database Lockouts . | . . . . . . . Manual 45 | . 11 . . 17 1 16 Terminals 42 | . 11 . . 12 1 18 Fabricators . | . . . . . . . Repair Stations . | . . . . . . . Recycling Units 5 | . . . . 5 . . Scanalyzers . | . . . . . . . Garrison Access . | . . . . . . . Terminal Hacks 36 | . 1 . 29 1 1 4 Record 29 | . . . 29 . . . Robot Analysis 4 | . 1 . . 1 . 2 Open Door 3 | . . . . . 1 2 Fabricator Hacks . | . . . . . . . Repair Station Hacks . | . . . . . . . Recycling Unit Hacks . | . . . . . . . Scanalyzer . | . . . . . . . Garrison Access Hacks . | . . . . . . . Unauthorized Hacks 11 | . 4 . . 5 . 2 Terminals 7 | . 4 . . 1 . 2 Track 1 | . 1 . . . . . Assimilate 1 | . 1 . . . . . Botnet 5 | . 2 . . 1 . 2 Fabricators . | . . . . . . . Repair Stations . | . . . . . . . Recycling Units 4 | . . . . 4 . . Fedlink 4 | . . . . 4 . . Scanalyzers . | . . . . . . . Garrison Access . | . . . . . . . Data Cores Recovered . | . . . . . . . Used . | . . . . . . . Hacking Detections 14 | . 3 . . 5 . 6 Full Trace Events 3 | . . . . 1 . 2 Feedback Events . | . . . . . . . Feedback Blocked . | . . . . . . . Robot Schematics Acquired . | . . . . . . . Robots Built . | . . . . . . . Authchips . | . . . . . . . Time . | . . . . . . . Total Robot Build Rating . | . . . . . . . Part Schematics Acquired . | . . . . . . . Parts Built . | . . . . . . . Authchips . | . . . . . . . Time . | . . . . . . . Total Part Build Rating . | . . . . . . . Part Studies Acquired . | . . . . . . . Parts Repaired . | . . . . . . . Time . | . . . . . . . Parts Recycled . | . . . . . . . Recycled Matter . | . . . . . . . Retrieved Matter . | . . . . . . . Retrieved Components . | . . . . . . . Parts Scanalyzed . | . . . . . . . Part Schematics Acquired . | . . . . . . . Parts Damaged . | . . . . . . . Bothacking | -11 -10 -10 -7 -5 -4 -4 ------------ Run | Yrd Mat Sub Scr Fac Fac Ext Used RIF Installer . | . . . . . . . Robots Hacked . | . . . . . . . Non-combat . | . . . . . . . Combat . | . . . . . . . Robot Hacks Applied . | . . . . . . . Relay Couplers Released . | . . . . . . . Fabnet Peak Effective % . | . . . . . . . Robots Rewired 9 | . . . . . . 9 Allies Hacked 1 | . . . . 1 . . Hacks Repelled . | . . . . . . . Allies | -11 -10 -10 -7 -5 -4 -4 -------- Run | Yrd Mat Sub Scr Fac Fac Ext Total Allies 17 | . . . 1 5 . 11 Largest Group 10 | . . . 1 5 . 10 Highest-Rated Group 460 | . . . 52 235 . 460 Highest-Rated Ally 52 | . . . 52 52 . 51 Initial UFD Resources 59 | . . . . 37 59 59 Total Orders . | . . . . . . . Ally Attacks 247 | . . . 1 86 . 160 Total Damage 5412 | . . . 22 1711 . 3679 Kills 49 | . . . 1 18 . 30 Allies Corrupted . | . . . . . . . Allies Melted . | . . . . . . . Intel | -11 -10 -10 -7 -5 -4 -4 ------- Run | Yrd Mat Sub Scr Fac Fac Ext Active Infowar (turns) 2293 | 20 722 . . 1551 . . Sensors 480 | . . . . 480 . . IFF 1087 | . . . . 1087 . . Seismic 742 | 20 722 . . . . . ECM 464 | . . . . 464 . . Robot Analysis Total 4 | . 1 . . 1 . 2 Derelict Logs Recovered 1 | . . 1 . . . . Drone Launches . | . . . . . . . Drone Recoveries . | . . . . . . . Exploration | -11 -10 -10 -7 -5 -4 -4 ------------- Run | Yrd Mat Sub Scr Fac Fac Ext Turns Passed 7772 | 103 1106 160 3049 2107 162 1085 Spaces Moved 4618 | 49 562 85 1822 1163 206 731 Core 89 | 4 . . . 9 . 76 Treads 843 | 45 307 . 261 142 . 88 Legs 1924 | . 255 85 345 831 . 408 Wheels 1216 | . . . 1216 . . . Hover . | . . . . . . . Flight 546 | . . . . 181 206 159 Fastest Speed 26 | 50 120 190 115 31 28 26 Average Speed 143 | 151 163 190 162 138 60 102 Slowest Speed 470 | 160 190 190 470 400 112 250 Overloaded Moves . | . . . . . . . Propulsion Burnouts . | . . . . . . . Robots Hopped 2 | . . . . . 1 1 Potential Cave-ins . | . . . . . . . Cave-ins Triggered 1 | . . . . 1 . . Exploration Rate (%) 40 | 4 96 7 91 22 3 62 Regions Visited 6 Branch Regions 3 Pre-discovered Areas 2 | . . 1 . 1 . . Known Exits Taken 2 | . . . . 1 1 . Unknown Exits Taken 4 | 1 1 1 1 . . . Scrap Searched 8 | . . . 8 . . . Spaces Dug 9 | . . . . 8 . 1 Terrain Destroyed 103 | . 25 . . 69 . 9 Melee 3 | . . . . 2 . 1 Projectile 38 | . . . . 30 . 8 AOE 62 | . 25 . . 37 . . Terrain Rammed . | . . . . . . . Walls Destroyed . | . . . . . . . Machines Disabled . | . . . . . . . Actions | -11 -10 -10 -7 -5 -4 -4 --------- Run | Yrd Mat Sub Scr Fac Fac Ext Total 5461 | 65 675 84 1940 1481 244 972 Wait 127 | . 31 . 14 61 20 1 Move 4608 | 48 561 84 1821 1162 203 729 Hop 2 | . . . . . 1 1 Pick Up 88 | 5 13 . 37 22 . 11 Fast Attach 69 | 6 2 . 9 24 3 25 Attach 47 | 1 5 . 3 28 4 6 Detach 17 | . . . 10 2 3 2 Swap 41 | . 9 . 4 18 . 10 Drop 108 | . 9 . 42 36 7 14 Fire 176 | 5 43 . . 94 3 31 Melee 46 | . . . . 30 . 16 Ram . | . . . . . . . Kick 6 | . 1 . . 3 . 2 Crush 4 | . 1 . . 1 . 2 Escape Stasis 16 | . . . . . . 16 Rewire 106 | . . . . . . 106 Trap . | . . . . . . . Miscellaneous . | . . . . . . . Route ------- -11/Scrapyard -10/Materials (discovered 5 exits: [*Mat x3] / [*Min] / [*Sub]) -10/Subcaves -7/Scraptown (discovered 2 exits: *Fac x2) -5/Factory -4/Factory -4/Extension History --------- Turn | Location | Event 5 | -11/Scrapyard | Discovered new exit (range 15) 104 | -11/Scrapyard | Entered Materials 335 | -10/Materials | Build established: Mutant 348 | -10/Materials | Discovered new exit (range 7) 525 | -10/Materials | Discovered new exit (range 12) 857 | -10/Materials | Discovered new exit (range 10) 1092 | -10/Materials | Discovered new exit (range 9) 1127 | -10/Materials | Discovered new exit (range 9) 1180 | -10/Materials | Build established: Scavenger-Mutant 1210 | -10/Materials | Entered Subcaves 1211 | -10/Subcaves | Approached by a straggling Scientist 1369 | -10/Subcaves | Scientist uncovered a shortcut to Scraptown 1370 | -10/Subcaves | Entered Scraptown 1860 | -7/Scraptown | Build established: Mutant 1864 | -7/Scraptown | Discovered new exit (range 5) 2172 | -7/Scraptown | Visited Bundlers 2341 | -7/Scraptown | Visited TADAMA 2378 | -7/Scraptown | Visited The Evicted 2447 | -7/Scraptown | Visited SPCMW 2489 | -7/Scraptown | Visited IN-MT5's Study 2832 | -7/Scraptown | Visited Junk Repository 2998 | -7/Scraptown | Visited UFD Registry 2998 | -7/Scraptown | Registered with UFD as "Graveater" 3041 | -7/Scraptown | Visited Abandonware Association 3058 | -7/Scraptown | Learned abandonware demo "SHUTEYE.EXE" 3058 | -7/Scraptown | Learned abandonware demo "KABOOM.EXE" 3085 | -7/Scraptown | Visited Junk Repository 3348 | -7/Scraptown | Visited Infowarlord's Domain 3360 | -7/Scraptown | Found Exp. Signal Interpreter 3400 | -7/Scraptown | Visited A0-MCA Data Center 3451 | -7/Scraptown | Discovered new exit (range 3) 3474 | -7/Scraptown | Found Scrap Suit 3546 | -7/Scraptown | Visited Scrapoid Pod Storage 3553 | -7/Scraptown | Found Scrapoid Pod 3578 | -7/Scraptown | Visited Botcube Research 3586 | -7/Scraptown | Found Botcube 3609 | -7/Scraptown | Visited Scrap Suit Storage 3725 | -7/Scraptown | Visited DA-N13 Charitable Foundation 3737 | -7/Scraptown | Found DCF Scrap (29 items) 3859 | -7/Scraptown | Botcube activated 3875 | -7/Scraptown | Botcube completed mutation into hovering form, armed with 2 guns 4229 | -7/Scraptown | Met Optimus 4229 | -7/Scraptown | Accepted into 0bPrime 4418 | -7/Scraptown | Civil war broke out across Scraptown 4419 | -7/Scraptown | Entered Factory 4419 | -5/Factory | Accompanied by 1 ally 4419 | -5/Factory | Evolved 10 slots: Power x1, Propulsion x2, Utility x7 5003 | -5/Factory | Lost 10 parts (2p2n2u4w) 5057 | -5/Factory | Lost 3 parts (1p2u) 5098 | -5/Factory | Lost 3 parts (1p1n1w) 5128 | -5/Factory | Scrapoid Pod released 05F05-D (x5) 5366 | -5/Factory | Core integrity fell below 50% 5387 | -5/Factory | Build established: Scavenger-Mutant 5446 | -5/Factory | Found Scrap Suit 5463 | -5/Factory | Found Scrap Suit 5484 | -5/Factory | Loaded intel: 8 recycling unit locations 5642 | -5/Factory | Learned location of Protoforge (-2) 5985 | -5/Factory | Crushed by falling debris 6026 | -5/Factory | Build established: Scavenger-Skirmisher 6428 | -5/Factory | System corruption reached 10% 6482 | -5/Factory | Lost 6 parts (2p1n2u1w) 6514 | -5/Factory | Discovered new exit (range 11) 6525 | -5/Factory | Identified exit to Factory 6526 | -5/Factory | Entered another Factory area 6526 | -4/Factory | Evolved 2 slots: Utility x2 6686 | -4/Factory | Discovered new exit (range 10) 6688 | -4/Factory | Identified exit to Extension 6688 | -4/Factory | Entered Extension 6743 | -4/Extension | Spotted B-86 Titan 6747 | -4/Extension | Spotted B-86 Titan 6782 | -4/Extension | Lost 5 parts (5n) 7032 | -4/Extension | Rescued a captive Derelict 7071 | -4/Extension | Build established: Scavenger-Mutant 7347 | -4/Extension | Rescued a captive Derelict 7386 | -4/Extension | Allies destroyed B-86 Titan 7389 | -4/Extension | Core integrity fell below 50% 7442 | -4/Extension | Lost 10 parts (2p4n3u1w) 7443 | -4/Extension | Lost 5 allies 7568 | -4/Extension | Lost 5 allies 7602 | -4/Extension | Lost 3 parts (1n2u) 7613 | -4/Extension | Disrupted transfer network 7765 | -4/Extension | System corruption reached 10% 7767 | -4/Extension | Core integrity fell below 20% 7773 | -4/Extension | Destroyed by G-67 Veteran with Field Laser Last Messages --------------- 07758_ Wave Gun destroyed. 07761_ Lgt. Antimatter Reactor destroyed. 07762_ Critical hit (Burn: +50). 07762_ Hvy. Treads destroyed. 07764_ Hpw. Tractor Beam destroyed. 07764_ Targeting Computer destroyed. 07764_ Myomer Leg destroyed. 07764_ Imp. Targeting Computer destroyed. 07764_ System corrupted by crushing effect (+1). 07764_ System corrupted by crushing effect (+2). 07764_ System corrupted by crushing effect (+5). 07764_ System corrupted by crushing effect (+3). 07764_ Lgt. Antimatter Reactor destroyed. 07765_ Adv. Heat Sink destroyed. 07765_ Myomer Leg destroyed. 07768_ System corrupted: Adv. Heat Sink rejected. 07770_ Critical hit (Burn: +50). 07771_ Adv. Melee Analysis Suite destroyed. [Achievement: This Is Interesting...] Map ----- +----------------------------------------------------+ | ?????????????????????????????????????????????????? | | ?????????????????????????????????????????????????? | | ?????????????????????????????????????????????????? | | ?????????????????????????????????????????????????? | | ?????????????????????????????????????????????????? | | ?????????????????????????????????????????????????? | | ?????????????????????????????????????????????????? | | ?????????????????????????????????????????????????? | | ?????????????????????????????????????????????????? | | ?????????????????????????????????????????????????? | | ?????????????????????????????????????????????????? | | ?????????????????????????????????????????????????? | | ?????????????????????????????????????????????????? | | ?????????????????????????????????????????????????? | | ?????????????????????????????????????????????????? | | ?????????????????????????????????????????????????? | | ?????????????????????????????????????????????????? | | ?????????????????????????????????????????????????? | | ?????????????????????????????????????????????????? | | ?????????????????????????????????????????????????? | | ?????????????????????????????????????????????????? | | ?????????????????????????????????????????????????? | | ?????????????????????????????????????????????????? | | ######################################???????????? | | ????????? | | ! @ ????????? | | g ????????? | | g g ????????? | | tk kk R?????????? | | ########################################?????????? | | ?????????????????????????????????????????????????? | | ?????????????????????????????????????????????????? | | ?????????????????????????????????????????????????? | | ?????????????????????????????????????????????????? | | ?????????????????????????????????????????????????? | | ?????????????????????????????????????????????????? | | ?????????????????????????????????????????????????? | | | | | | | | | | | | | | | | | | | | | | | | | | | +----------------------------------------------------+ Best States ------------- Heat Dissipation 119 Energy Generation 37 Energy Capacity 530 Matter Stores 300 Matter Capacity 300 Sight Range 16 Robot Scan Range 15 Terrain Scan Density 10 ECM Strength 1 Additional Mass Support 9 Armor Coverage 450 Evasion (%) 71 Targeting Accuracy 16 Melee Accuracy 8 Recoil Reduction 2 Offensive Hacking 10 Defensive Hacking 11 Item Schematics ----------------- None Robot Schematics ------------------ None Fabricated ------------ Nothing Repaired ---------- Nothing Studied --------- None Alien Tech Used ----------------- None Achievements -------------- Frankenstein Nice Directions, Buddy This Is Interesting... Uncivil War Challenges ------------ None Game ------ Seed FrostScatterMesh Manual? 0 Play Time 01:51:07 Cumulative 83.4 hours Start 2026.08.04 @ 15:33:25 End 2026.08.04 @ 17:33:09 Sessions 1 Manual Loads 0 Difficulty Rogue Special Mode None Game No. 66 Rogue 66 Adventurer 0 Explorer 0 Win Type - Total 1 Types 1/0/0/0/0/0/0/0/0/0 Lore% 25 Gallery% 34 Achievement% 28 Wizard Run 0 Options --------- Layout 1 ASCII 0 Keyboard 0 Movement Mouse Keybinds 0 Fullscreen 2 Font 24/Smallcaps Map View 50x35 Zoom Use 0% Tactical HUD 1 Map Filters NONE Filters NONE Steam 1 RUN: 917a6e30-94aa-44ec-8ab8-0bca3a43780e